APL (24 & UNDER)
DETROIT DIRTY SNOW @ ATHENS ASSASSINS
09/10/2028
 
TOP OF THE 1ST
Detroit Dirty Snow batting - Pitching for Athens Assassins : RHP Eddie Huber
Pitching: RHP Eddie Huber
Batting: SHB Cristián López 0-0: Ball
1-0: Fly out, F7 (Flyball, 78M)
Batting: RHB Cristo Souza 0-0: Ball
1-0: Foul Ball, location: 2F
1-1: SINGLE (Groundball, 34D)
Batting: LHB Félix Costa 0-0: Foul Ball, location: 2F
0-1: Foul Ball, location: 2F
0-2: Foul Ball, location: 2F
0-2: Strikes out swinging
Batting: RHB Carlos Rocha 0-0: Called Strike
0-1: Foul Ball, location: 2F
0-2: Strikes out swinging
Top of the 1st over - 0 run(s), 1 hit(s), 0 error(s), 1 left on base; Detroit 0 - Athens 0
BOTTOM OF THE 1ST
Athens Assassins batting - Pitching for Detroit Dirty Snow : RHP Keith Heffner
Pitching: RHP Keith Heffner
Batting: RHB Clancy Bradshaw 0-0: Bunt for hit - play at first, batter OUT! 1-3
Batting: RHB Jorge Loanos 0-0: Ball
1-0: Swinging Strike
1-1: Fly out, F9 (Flyball, 89S)
Batting: LHB José Martínez 0-0: Ball
1-0: Ball
2-0: Swinging Strike
2-1: Called Strike
2-2: Strikes out swinging
Bottom of the 1st over - 0 run(s), 0 hit(s), 0 error(s), 0 left on base; Detroit 0 - Athens 0
TOP OF THE 2ND
Detroit Dirty Snow batting - Pitching for Athens Assassins : RHP Eddie Huber
Batting: RHB Gary Wyatt 0-0: Called Strike
0-1: Ball
1-1: Ball
2-1: Called Strike
2-2: SINGLE (Groundball, 3D)
Batting: RHB Charlie O'Farrell 0-0: Ball
1-0: Ball
2-0: Foul Ball, location: 2F
2-1: Ball
3-1: Foul Ball, location: 2F
3-2: Strikes out swinging
Gary Wyatt steals 2nd base
Batter strikes out.
Batting: SHB Víctor Torres 0-0: Ball
1-0: Swinging Strike
1-1: Ball
2-1: Ball
3-1: Called Strike
3-2: Strikes out swinging
Batting: SHB Alan Garland 0-0: Swinging Strike
0-1: Ball
1-1: Foul Ball, location: 2F
1-2: Ball
2-2: Strikes out swinging
Top of the 2nd over - 0 run(s), 1 hit(s), 0 error(s), 1 left on base; Detroit 0 - Athens 0
BOTTOM OF THE 2ND
Athens Assassins batting - Pitching for Detroit Dirty Snow : RHP Keith Heffner
Batting: RHB Foster Hapgood 0-0: Ground out 4-3 (Groundball, 4S)
Batting: RHB Maximino Abbado 0-0: Called Strike
0-1: Fly out, F8 (Flyball, 8RS)
Batting: RHB Emílio García 0-0: Foul Ball, location: 2F
0-1: Fly out, F8 (Flyball, 8RM)
Bottom of the 2nd over - 0 run(s), 0 hit(s), 0 error(s), 0 left on base; Detroit 0 - Athens 0
TOP OF THE 3RD
Detroit Dirty Snow batting - Pitching for Athens Assassins : RHP Eddie Huber
Batting: LHB Luis Salazar 0-0: Ball
1-0: Called Strike
1-1: Ball
2-1: Swinging Strike
2-2: Strikes out looking
Batting: SHB Cristián López 0-0: Fly out, F8 (Flyball, 8LXD)
Batting: RHB Cristo Souza 0-0: Foul Ball, location: 2F
0-1: Foul Ball, location: 2F
0-2: Ball
1-2: Strikes out looking
Top of the 3rd over - 0 run(s), 0 hit(s), 0 error(s), 0 left on base; Detroit 0 - Athens 0
BOTTOM OF THE 3RD
Athens Assassins batting - Pitching for Detroit Dirty Snow : RHP Keith Heffner
Batting: RHB Britt Short 0-0: Ball
1-0: Called Strike
1-1: Called Strike
1-2: Strikes out looking
Batting: RHB Júlio Castillo 0-0: Called Strike
0-1: Swinging Strike
0-2: Foul Ball, location: 2F
0-2: Foul Ball, location: 2F
0-2: Strikes out swinging
Batting: RHB Kiyonaga Ogawa 0-0: Ball
1-0: Foul Ball, location: 2F
1-1: Ball
2-1: Called Strike
2-2: Ball
3-2: Foul Ball, location: 2F
3-2: Ground out 6-3 (Groundball, 6)
Bottom of the 3rd over - 0 run(s), 0 hit(s), 0 error(s), 0 left on base; Detroit 0 - Athens 0
TOP OF THE 4TH
Detroit Dirty Snow batting - Pitching for Athens Assassins : RHP Eddie Huber
Batting: LHB Félix Costa 0-0: Called Strike
0-1: Ball
1-1: Swinging Strike
1-2: Ball
2-2: Strikes out swinging
Batting: RHB Carlos Rocha 0-0: Ball
1-0: Hit by Pitch
Pinch Runner at 1st Scott Graves:
Batting: RHB Gary Wyatt 0-0: Ball
1-0: Fly out, F9 (Flyball, 9LSF)
Batting: RHB Charlie O'Farrell 0-0: Ball
1-0: Fielders Choice at 2nd, 4-6 (Groundball, 4)
Top of the 4th over - 0 run(s), 0 hit(s), 0 error(s), 0 left on base; Detroit 0 - Athens 0
BOTTOM OF THE 4TH
Athens Assassins batting - Pitching for Detroit Dirty Snow : RHP Keith Heffner
Now at 2B: Scott Graves
Batting: RHB Clancy Bradshaw 0-0: Bunted foul
0-1: Ball
1-1: Swinging Strike
1-2: Ground out 6-3 (Groundball, 6)
Batting: RHB Jorge Loanos 0-0: Ball
1-0: Fly out, F7 (Line Drive, 7)
Batting: LHB José Martínez 0-0: Ball
1-0: Ball
2-0: Foul Ball, location: 2F
2-1: Called Strike
2-2: Hit by Pitch
Batting: RHB Foster Hapgood 0-0: Called Strike
0-1: Ball
1-1: Foul Ball, location: 2F
1-2: Ball
2-2: Fly out, F9 (Flyball, 9LSF)
Bottom of the 4th over - 0 run(s), 0 hit(s), 0 error(s), 1 left on base; Detroit 0 - Athens 0
TOP OF THE 5TH
Detroit Dirty Snow batting - Pitching for Athens Assassins : RHP Eddie Huber
Batting: SHB Víctor Torres 0-0: Called Strike
0-1: Ground out 4-3 (Groundball, 4S)
Batting: SHB Alan Garland 0-0: Ball
1-0: Ball
2-0: Called Strike
2-1: Foul Ball, location: 2F
2-2: Ball
3-2: Foul Ball, location: 2F
3-2: SINGLE (Groundball, 34D)
Batting: LHB Luis Salazar 0-0: Ball
1-0: Fielders Choice at 2nd, 4-6 (Groundball, 34)
Batting: SHB Cristián López 0-0: Called Strike
0-1: Called Strike
Luis Salazar steals 2nd base
0-2: Strikes out looking
Top of the 5th over - 0 run(s), 1 hit(s), 0 error(s), 1 left on base; Detroit 0 - Athens 0
BOTTOM OF THE 5TH
Athens Assassins batting - Pitching for Detroit Dirty Snow : RHP Keith Heffner
Batting: RHB Maximino Abbado 0-0: Ground out 5-3 (Groundball, 56S)
Batting: RHB Emílio García 0-0: Foul Ball, location: 2F
0-1: Swinging Strike
0-2: Strikes out looking
Batting: RHB Britt Short 0-0: Called Strike
0-1: Ball
1-1: Ball
2-1: Fly out, F8 (Flyball, 8LM)
Bottom of the 5th over - 0 run(s), 0 hit(s), 0 error(s), 0 left on base; Detroit 0 - Athens 0
TOP OF THE 6TH
Detroit Dirty Snow batting - Pitching for Athens Assassins : RHP Eddie Huber
Batting: RHB Cristo Souza 0-0: Ball
1-0: Ball
2-0: Ball
3-0: Base on Balls
Batting: LHB Félix Costa 0-0: Called Strike
0-1: Ball
1-1: Grounds into double play, 4-6-3 (Groundball, 4)
Batting: RHB Scott Graves 0-0: Called Strike
0-1: Ball
1-1: Called Strike
1-2: Strikes out swinging
Top of the 6th over - 0 run(s), 0 hit(s), 0 error(s), 0 left on base; Detroit 0 - Athens 0
BOTTOM OF THE 6TH
Athens Assassins batting - Pitching for Detroit Dirty Snow : RHP Keith Heffner
Batting: RHB Júlio Castillo 0-0: Ground out 5-3 (Groundball, 56S)
Batting: RHB Kiyonaga Ogawa 0-0: Fly out, F6 (Popup, 6D)
Batting: RHB Clancy Bradshaw 0-0: Called Strike
0-1: Ball
1-1: Ground out 6-3 (Groundball, 6)
Bottom of the 6th over - 0 run(s), 0 hit(s), 0 error(s), 0 left on base; Detroit 0 - Athens 0
TOP OF THE 7TH
Detroit Dirty Snow batting - Pitching for Athens Assassins : RHP Eddie Huber
Batting: RHB Gary Wyatt 0-0: Called Strike
0-1: Ball
1-1: Foul Ball, location: 2F
1-2: Strikes out swinging
Batting: RHB Charlie O'Farrell 0-0: Ball
1-0: Ball
2-0: Ball
3-0: Base on Balls
Pitching: RHP António Molina
Batting: SHB Víctor Torres 0-0: Ball
1-0: SINGLE (Groundball, 34D)
Charlie O'Farrell to second
Runner from 2nd tries for 3rd, SAFE, throw made to third
Batting: SHB Alan Garland 0-0: Foul Ball, location: 2F
0-1: Swinging Strike
0-2: Ball
1-2: Ground out 5-3 (Groundball, 56)
Víctor Torres to second
Batting: LHB Luis Salazar 0-0: Foul Ball, location: 2F
0-1: Called Strike
0-2: DOUBLE (Groundball, 5L)
Charlie O'Farrell scores
Víctor Torres scores
Batting: SHB Cristián López 0-0: Ball
1-0: Ball
2-0: Ball
3-0: Base on Balls
Batting: RHB Cristo Souza 0-0: Called Strike
0-1: Ball
1-1: Called Strike
1-2: Ball
2-2: Strikes out swinging
Top of the 7th over - 2 run(s), 2 hit(s), 0 error(s), 2 left on base; Detroit 2 - Athens 0
BOTTOM OF THE 7TH
Athens Assassins batting - Pitching for Detroit Dirty Snow : RHP Keith Heffner
Batting: RHB Jorge Loanos 0-0: Called Strike
0-1: Foul Ball, location: 2F
0-2: Ball
1-2: Ground out 1-3 (Groundball, 13)
Batting: LHB José Martínez 0-0: Ball
1-0: Ball
2-0: SINGLE (Flyball, 7LS)
Batting: RHB Foster Hapgood 0-0: Called Strike
0-1: Ball
1-1: Ball
2-1: Foul Ball, location: 2F
2-2: Reached on error, E5 (Groundball, 5)
José Martínez to second
Pinch Hitting: LHB Xavier Smith 0-0: Called Strike
0-1: Ball
1-1: Foul Ball, location: 2F
1-2: Ball
2-2: Ball
3-2: Base on Balls
José Martínez to third
Foster Hapgood to second
Batting: RHB Emílio García 0-0: Swinging Strike
0-1: Swinging Strike
0-2: Fly out, F9 (Flyball, 89M)
Pinch Hitting: LHB Brian Turner 0-0: Swinging Strike
0-1: Ball
1-1: Ball
2-1: Fly out, F2 (Popup, 3S)
Bottom of the 7th over - 0 run(s), 1 hit(s), 1 error(s), 3 left on base; Detroit 2 - Athens 0
TOP OF THE 8TH
Detroit Dirty Snow batting - Pitching for Athens Assassins : RHP António Molina
Now in LF: Xavier Smith
Now in RF: Brian Turner
Batting: LHB Félix Costa 0-0: Ball
1-0: Ball
2-0: Ball
3-0: Called Strike
3-1: Base on Balls
Batting: RHB Scott Graves 0-0: Ball
1-0: Ball
2-0: Called Strike
2-1: Fielders Choice at 2nd, 3-6 (Groundball, 3)
Batting: RHB Gary Wyatt 0-0: Foul Ball, location: 2F
0-1: Swinging Strike
0-2: Strikes out swinging
Batting: RHB Charlie O'Farrell 0-0: Called Strike
0-1: Ground out 6-3 (Groundball, 6MS)
Top of the 8th over - 0 run(s), 0 hit(s), 0 error(s), 1 left on base; Detroit 2 - Athens 0
BOTTOM OF THE 8TH
Athens Assassins batting - Pitching for Detroit Dirty Snow : RHP Keith Heffner
Batting: RHB Júlio Castillo 0-0: Fly out, F4 (Flyball, 4D)
Pitching: RHP Benjamin Hutchison
Batting: RHB Kiyonaga Ogawa 0-0: Called Strike
0-1: Called Strike
0-2: Fly out, F9 (Line Drive, 9LM)
Batting: RHB Clancy Bradshaw 0-0: Ball
1-0: Ball
2-0: Called Strike
2-1: Foul Ball, location: 2F
2-2: Strikes out swinging
Bottom of the 8th over - 0 run(s), 0 hit(s), 0 error(s), 0 left on base; Detroit 2 - Athens 0
TOP OF THE 9TH
Detroit Dirty Snow batting - Pitching for Athens Assassins : RHP António Molina
Batting: SHB Víctor Torres 0-0: Ball
1-0: Ball
2-0: Called Strike
2-1: Ball
3-1: Base on Balls
Batting: SHB Alan Garland 0-0: Bunt missed!
0-1: Ball
1-1: Bunted foul
1-2: Foul Ball, location: 2F
1-2: Ball
2-2: Strikes out swinging
Batting: LHB Luis Salazar 0-0: Called Strike
0-1: Called Strike
0-2: SINGLE (Groundball, 6S) (infield hit)
Víctor Torres to second
Pitching: RHP Kieron Lahyani
Batting: SHB Cristián López 0-0: Foul Ball, location: 2F
0-1: Ball
1-1: Swinging Strike
1-2: Ball
2-2: Strikes out swinging
Pinch Hitting: LHB David Morgan 0-0: Ball
1-0: Called Strike
1-1: Called Strike
1-2: Foul Ball, location: 2F
1-2: Strikes out looking
Top of the 9th over - 0 run(s), 1 hit(s), 0 error(s), 2 left on base; Detroit 2 - Athens 0
BOTTOM OF THE 9TH
Athens Assassins batting - Pitching for Detroit Dirty Snow : RHP Benjamin Hutchison
Pitching: LHP Jorge Luna
Now at C: David Morgan
Batting: RHB Jorge Loanos 0-0: Ball
1-0: Swinging Strike
1-1: Foul Ball, location: 2F
1-2: Ball
2-2: Foul Ball, location: 2F
2-2: Foul Ball, location: 2F
2-2: Strikes out swinging
Batting: LHB José Martínez 0-0: Ball
1-0: Foul Ball, location: 2F
1-1: Called Strike
1-2: Foul Ball, location: 2F
1-2: Ball
2-2: Fly out, F4 (Popup, 4D)
Batting: RHB Foster Hapgood 0-0: Ball
1-0: Swinging Strike
1-1: Ground out U3 (Groundball, 3)
Bottom of the 9th over - 0 run(s), 0 hit(s), 0 error(s), 0 left on base; Detroit 2 - Athens 0
Tuesday, August 8th, 2017 - OOTP Baseball 17.12 Build 75